 Dungeon Crawl Stone Soup version 0.29.1-13-g9f3cf754e1 (webtiles) character file.

Game seed: 570868073695300598

74 Shadowshaper the Trooper (level 4, -1/19 (24) HPs)
             Began as a Vine Stalker Fighter on Feb 4, 2023.
             Slain by an orc
             ... wielding a +0 mace
              (5 damage)
             ... on level 3 of the Dungeon.
             The game lasted 00:06:25 (1683 turns).

Shadowshaper the Trooper (Vine Stalker Fighter)     Turns: 1683, Time: 00:06:26

HP:   -1/19 (24)    AC:  7    Str: 19    XL:     4   Next: 30%
MP:   0/5           EV:  9    Int: 14    God:
Gold: 140           SH:  5    Dex: 15    Spells: 3/3 levels left

rFire   . . .      SeeInvis .   u - +0 whip (vamp)
rCold   . . .      Faith    .   c - +0 buckler
rNeg    . . .      Spirit   +   b - +0 scale mail
rPois   .          Reflect  .   (no helmet)
rElec   .          Harm     .   (no cloak)
rCorr   .          Rampage  .   j - +0 pair of gloves
Will    .....                   (no boots)
Stlth   ..........              (no amulet)
HPRegen 0.86/turn               l - +4 ring of slaying
MPRegen 0.09/turn               h - +6 ring of intelligence

@: heavily drained
A: fangs 2, regeneration 1, magic shield, antimagic bite, no potion heal 2
a: no special abilities


You were on level 3 of the Dungeon.
You visited 1 branch of the dungeon, and saw 3 of its levels.

You collected 140 gold pieces.

Inventory:

Hand Weapons
 u - a +0 vampiric whip (weapon)
Missiles
 m - 5 poisoned darts (quivered)
Armour
 b - a +0 scale mail (worn)
 c - a +0 buckler (worn)
 j - a +0 pair of gloves (worn)
Jewellery
 h - a +6 ring of intelligence (right hand)
 i - a ring of protection from fire
 l - a +4 ring of slaying (left hand)
Scrolls
 f - 2 scrolls of fear
 n - a scroll of summoning
 q - a scroll of identify
 r - a scroll of poison
 t - a scroll of noise {unknown}
Potions
 d - a potion of might
 e - 2 potions of lignification
 g - a potion of brilliance {unknown}
 k - a potion of heal wounds {unknown}
 o - a potion of invisibility {unknown}
 p - 2 potions of berserk rage {unknown}
 s - a potion of cancellation {unknown}


   Skills:
 + Level 3.1 Fighting
 + Level 2.8 Axes
 + Level 2.9 Armour
 + Level 0.1 Dodging
 + Level 0.4 Stealth
 + Level 3.0 Shields


You had 3 spell levels left.
You didn't know any spells.
Your spell library contained the following spells:

 Spells                   Type           Power      Damage    Failure   Level
 Magic Dart               Conj           0%         1d3       75%         1
 Slow                     Hex            0%         N/A       75%         1
 Call Imp                 Summ           0%         N/A       86%         2
 Static Discharge         Conj/Air       0%         3-3/arc   86%         2
 Confusing Touch          Hex            0%         N/A       98%         3
 Mephitic Cloud           Conj/Pois/Air  0%         N/A       98%         3
 Vampiric Draining        Necr           0%         2d6       98%         3
 Airstrike                Air            0%         2d(0-16)  100%        4
 Summon Lightning Spire   Summ/Air       0%         N/A       100%        4
 Lightning Bolt           Conj/Air       0%         1d11      100%        5
 Maxwell's Capacitive Co  Air            0%         ∞         100%        8


Dungeon Overview and Level Annotations

Branches:
Dungeon (3/15)

Altars:


Innate Abilities, Weirdness & Mutations

You have extremely sharp teeth.
Your natural rate of healing is unusually fast.
When hurt, damage is shared between your health and your magic reserves.
Your bite disrupts and absorbs the magic of your enemies.
Potions cannot restore your health.


Message History

You kill the orc!
The orc barely misses you. The orc priest closely misses you.
You block the orc's attack.
The orc hits you with a +1 hand axe of draining.
You feel drained.
You barely miss the orc priest. You bite the orc priest. You drain its power.
You feel invigorated.
The orc priest is moderately wounded.
The orc hits you but does no damage.
The orc priest hits you with a +0 dagger.
You block the orc's attack. x2
You closely miss the orc priest. Your bite misses the orc priest.
The orc priest is lightly wounded.
The quokka bites you. The orc barely misses you.
The orc priest barely misses you. The orc hits you with a +0 mace.
The orc hits you with a +1 hand axe of draining.
You feel drained. You block the orc's attack. The quokka barely misses you.
You hit the orc priest.
You feel better.
The orc priest is moderately wounded.
The orc hits you with a +0 war axe. You block the orc priest's attack.
The orc hits you but does no damage. The quokka bites you.
The orc closely misses you.
The orc hits you with a +1 hand axe of draining.
You feel drained.
You hit the orc priest. You bite the orc priest! You drain its power.
You feel invigorated.
The orc priest is almost dead.
The orc priest barely misses you. The orc closely misses you.
The orc hits you but does no damage. The quokka completely misses you.
The orc barely misses you. The orc closely misses you.
The orc hits you but does no damage. The orc hits you with a +0 mace.
The orc priest hits you but does no damage.
You hit the orc priest but do no damage.
You bite the orc priest.
You kill the orc priest!
The quokka bites you. The orc barely misses you. You block the orc's attack.
The quokka barely misses you. The orc hits you with a +0 war axe.
* * * LOW HITPOINT WARNING * * *
The orc hits you with a +0 mace!
You die...

####....
...............<..
#######.................
..........(.............
.~...~.........## #....
................# ##....
................# #.....
......oor.......# #.....
.~...~o@........###.....
......oo.!.......#......
#######........#...#....
............##........
####.............##...
.....##..#...###.###..
...#.......#####.#####
.#........####.....#..
#...#................


You could see 5 orcs and a quokka.

Vanquished Creatures
  An orc priest (D:3)
  Terence (D:3)
  An adder (D:3)
  A dart slug (D:3)
  An orc (D:3)
  5 ball pythons
  An endoplasm (D:2)
  2 giant cockroaches
  4 goblins
  3 hobgoblins
  6 jackals
  A quokka (D:1)
  3 frilled lizards
  2 kobolds
  3 rats
35 creatures vanquished.

Notes
Turn   | Place    | Note
-------+----------+-------------------------------------------
     0 | D:1      | Shadowshaper the Vine Stalker Fighter began the quest for
                  | the Orb.
     0 | D:1      | Reached XP level 1. HP: 11/11 MP: 2/2
   120 | D:1      | Reached XP level 2. HP: 11/16 MP: 3/3
   280 | D:1      | Found a faded altar of an unknown god.
  1055 | D:2      | Reached XP level 3. HP: 20/20 MP: 4/4
  1529 | D:3      | Noticed Terence
  1538 | D:3      | Killed Terence
  1539 | D:3      | Gained mutation: Your natural rate of healing is unusually
                  | fast. [Vine Stalker growth]
  1539 | D:3      | Reached XP level 4. HP: 2/24 MP: 0/5
  1683 | D:3      | Slain by an orc

Illustrated notes

Levels and vault maps discovered:
D:1:      lightli_molten_gateway, layout_rooms,
          hellmonk_ecumenical_altar_lost_god
D:2:      layout_rooms, kennysheep_decorative_pillar, minmay_cupped
D:3:      cheibrodos_pilgrimage, layout_rooms, uniq_terence

Skill      XL: |  1  2  3 |
---------------+----------+-----
Fighting       | 3 |  3.1
Axes           | 2 |  2.8
Shields        | 3 |  3.0
Armour         | |  2.9
Dodging        | |  0.1
Stealth        | |  0.4

Action                   |  1- 3 |  4- 6 || total
-------------------------+-------+-------++-------
Melee: War axe           |    57 |     5 ||    62
       Bite              |    15 |     6 ||    21
       Whip              |       |     9 ||     9
  Use: Scroll            |     8 |       ||     8
Armor: Scale mail        |    26 |     7 ||    33
Dodge: Dodged            |    26 |    20 ||    46
Block: Buckler           |    12 |     8 ||    20
